 Dungeon Crawl Stone Soup version 0.20.0-8-g6b59dc7 (webtiles) character file.

326 Jumperg the Conjurer (level 6, -4/32 HPs)
             Began as a Deep Elf Conjurer on June 2, 2017.
             Slain by an orc warrior
             ... wielding a +0 scimitar
              (21 damage)
             ... on level 3 of the Dungeon.
             The game lasted 00:30:13 (3255 turns).

Jumperg the Conjurer (Deep Elf Conjurer)            Turns: 3255, Time: 00:30:14

Health: -4/32      AC:  4    Str:  5    XL:     6   Next: 24%
Magic:  0/15       EV: 13    Int: 22    God:
Gold:   139        SH:  0    Dex: 15    Spells: 5/15 levels left

rFire    + . .     SeeInvis .   y - +1 dagger (drain)
rCold    . . .     Gourm    .   (no shield)
rNeg     . . .     Faith    .   a - +0 robe
rPois    .         Spirit   .   C - +0 helmet
rElec    .         Reflect  .   r - +0 cloak
rCorr    .         Harm     .   (no gloves)
MR       .....                  (no boots)
Stlth    +++.......             (no amulet)
Regen    0.1/turn               A - ring of protection from fire
MPRegen  0.2/turn               (no ring)

@: no status effects
A: no striking features
a: no special abilities


You were on level 3 of the Dungeon.
You were hungry.

You visited 1 branch of the dungeon, and saw 3 of its levels.

You collected 139 gold pieces.

Inventory:

Hand Weapons
 h - a +0 spear
 y - a +1 dagger of draining (weapon)
Missiles
 k - 14 poisoned needles
 l - 102 stones (quivered)
 v - 50 bolts
Armour
 a - a +0 robe (worn)
 r - a +0 cloak (worn)
 C - a +0 helmet (worn)
Jewellery
 A - a ring of protection from fire (left hand)
Wands
 q - a wand of polymorph (2/24)
Scrolls
 d - 2 scrolls of amnesia {unknown}
 e - a scroll of enchant armour {unknown}
 f - 2 scrolls of blinking {unknown}
 j - a scroll of identify {unknown}
 s - a scroll of enchant weapon {unknown}
 t - 3 scrolls of fog {unknown}
 w - 3 scrolls of magic mapping {unknown}
 z - a scroll of random uselessness {unknown}
 D - a scroll of teleportation {unknown}
Potions
 g - 2 potions of berserk rage {unknown}
 n - a potion of curing {unknown}
 u - 2 potions of brilliance {unknown}
 x - a potion of heal wounds {unknown}
 B - a potion of cancellation {unknown}
Books
 b - a book of Conjurations

   Spells                             Type                      Level
   a - Magic Dart                     Conjuration                  1
   b - Searing Ray                    Conjuration                  2
   c - Dazzling Spray                 Conjuration/Hexes            3
   d - Fulminant Prism                Conjuration/Hexes            4
   e - Force Lance                    Conjuration/Translocation    4
   f - Iskenderun's Mystic Blast      Conjuration                  4
Comestibles
 c - 2 bread rations
 i - a fruit
 m - 4 meat rations
 o - 3 chunks of flesh
 p - a royal jelly


   Skills:
 - Level 2.5 Dodging
 + Level 5.0 Stealth
 + Level 5.3 Spellcasting
 + Level 6.3 Conjurations
 + Level 1.0 Hexes


You had 5 spell levels left.
You knew the following spells:

 Your Spells              Type           Power        Failure   Level  Hunger
a - Magic Dart            Conj           ####         1%          1    None
b - Searing Ray           Conj           ####..       1%          2    None
c - Dazzling Spray        Conj/Hex       ###...       6%          3    ##.....
d - Iskenderun's Mystic   Conj           ####....     8%          4    ####...


Dungeon Overview and Level Annotations

Branches:
Dungeon (3/15)

Altars:
Elyvilon
Nemelex Xobeh
Yredelemnul


Message History

The orc warrior is dazzled.
There is an open door here.
The orc warrior is no longer blind.
Casting: Dazzling Spray
Confirm with . or Enter, or press ? or * to list all spells.
You don't have enough magic to cast that spell.
Casting: Dazzling Spray
Confirm with . or Enter, or press ? or * to list all spells.
Aiming: Searing Ray
Press: ? - help, Shift-Dir - straight line, f/p - orc warrior
Aim: an orc warrior, wielding a scimitar and wearing a plate armour (severely wounded)
The searing ray hits the orc warrior.
The orc warrior is almost dead. (Press . to maintain the ray.)
The orc warrior hits you with a scimitar!
The searing ray hits the orc warrior.
The orc warrior is almost dead.
The orc warrior hits you with a scimitar!!
Ouch! That really hurt!
You die...

#..........#
#..........#
#####'######
#.#########
#.........#
#########.# #.#
#.#####
#######..o@.# ##
#......####.# .#
###.####.####.# .#
#......#....#.# .#
#.#.......#.#.# .#
#.#.#####.#.#.######
.#
#.#.........#......#
.#
#.#######†######.###
.####.# #.#...##.#


You could see an orc warrior.

Vanquished Creatures
  A crimson imp (D:3)
  An orc wizard (D:3)
  Terence (D:2)
  Natasha (thrice) (D:2)
  9 adders
  An ooze (D:2)
  2 worms (D:2)
  2 dart slugs (D:2)
  3 leopard geckos
  An orc (D:3)
  A ball python (D:1)
  3 bats
  3 giant cockroaches
  6 hobgoblins
  9 jackals
  5 kobolds
  4 frilled lizards
  8 goblins
  7 rats
70 creatures vanquished.

Notes
Turn   | Place    | Note
-------+----------+-------------------------------------------
     0 | D:1      | Jumperg the Deep Elf Conjurer began the quest for the Orb.
     0 | D:1      | Reached XP level 1. HP: 10/10 MP: 6/6
   203 | D:1      | Reached XP level 2. HP: 15/15 MP: 5/8
   251 | D:1      | Learned a level 2 spell: Searing Ray
   712 | D:2      | Reached skill level 5 in Conjurations
   753 | D:2      | Reached XP level 3. HP: 19/19 MP: 6/10
   984 | D:2      | Noticed Terence
  1025 | D:2      | Killed Terence
  1025 | D:2      | Reached XP level 4. HP: 14/24 MP: 12/12
  1180 | D:2      | Learned a level 3 spell: Dazzling Spray
  1293 | D:2      | Found a sparkling altar of Nemelex Xobeh.
  1670 | D:2      | Found a white marble altar of Elyvilon.
  1724 | D:2      | Noticed Natasha
  1726 | D:2      | Found a basalt altar of Yredelemnul.
  1730 | D:2      | Killed Natasha
  1730 | D:2      | Reached XP level 5. HP: 28/28 MP: 6/13
  1800 | D:2      | Noticed Natasha
  1826 | D:2      | Killed Natasha
  1859 | D:2      | Noticed Natasha
  1864 | D:2      | Killed Natasha
  2385 | D:3      | Reached skill level 6 in Conjurations
  2424 | D:3      | Reached skill level 5 in Spellcasting
  2581 | D:3      | Learned a level 4 spell: Iskenderun's Mystic Blast
  2607 | D:3      | Reached XP level 6. HP: 32/32 MP: 11/15
  3189 | D:3      | Noticed an orc warrior
  3191 | D:3      | Reached skill level 5 in Stealth
  3191 | D:3      | Reached skill level 1 in Hexes
  3255 | D:3      | Slain by an orc warrior

Skill      XL: |  1  2  3  4  5  6 |
---------------+-------------------+-----
Conjurations   | 5 6 |  6.3
Stealth        | 3 4 5 |  5.0
Spellcasting   | 4 5 |  5.3
Hexes          | 1 |  1.0
Dodging        | |  2.5

Action                   |  1- 3 |  4- 6 || total
-------------------------+-------+-------++-------
Melee: Spear             |    10 |    33 ||    43
       Unarmed           |    28 |       ||    28
       Dagger            |       |    31 ||    31
 Cast: Magic Dart        |    33 |    60 ||    93
       Searing Ray       |     3 |    10 ||    13
       Dazzling Spray    |       |    10 ||    10
 Stab: Sleeping          |     1 |     5 ||     6
       Confused          |     1 |       ||     1
  Eat: Chunk             |       |     7 ||     7
Armor: Skin              |     4 |       ||     4
       Robe              |     1 |    13 ||    14
Dodge: Dodged            |    17 |    36 ||    53
